 Dungeon Crawl Stone Soup version 0.22-a0-147-gfdd7f25 (webtiles) character file.

1091 KristoblXynda the Slasher (level 8, -1/67 HPs)
             Began as a Naga Gladiator on Feb 6, 2018.
             Was a Believer of Okawaru.
             Slain by a bullfrog (7 damage)
             ... on level 6 of the Dungeon.
             The game lasted 00:10:44 (6816 turns).

KristoblXynda the Slasher (Naga Gladiator)          Turns: 6816, Time: 00:10:45

Health: -1/67      AC:  6    Str: 17      XL:     8   Next: 31%
Magic:  8/8        EV:  9    Int: 10      God:    Okawaru [**....]
Gold:   178        SH:  0    Dex:  8 (13) Spells: 7/7 levels left

rFire    . . .     SeeInvis +   a - +0 long sword
rCold    . . .     Gourm    .   (no shield)
rNeg     . . .     Faith    .   g - +0 ring mail
rPois    +         Spirit   .   c - +0 helmet
rElec    .         Reflect  .   (no cloak)
rCorr    .         Harm     .   (no gloves)
MR       +....                  (no barding)
Stlth    ++........             (no amulet)
HPRegen  0.21/turn              (no ring)
MPRegen  0.11/turn              (no ring)

@: short of breath, very slow
A: large, see invisible, deformed body, poison resistance, slowness 2, slow
metabolism 1, spit poison 1, AC +2
a: Spit Poison, Heroism, Renounce Religion


You were on level 6 of the Dungeon.
You worshipped Okawaru.
Okawaru was pleased with you.
You were not hungry.

You visited 2 branches of the dungeon, and saw 7 of its levels.

You collected 178 gold pieces.

Inventory:

Hand Weapons
 a - a +0 long sword (weapon)
Missiles
 d - 4 throwing nets (quivered)
 j - 8 javelins
Armour
 c - a +0 helmet (worn)
 g - a +0 ring mail (worn)
Wands
 h - a wand of disintegration (9)
 q - a wand of clouds (5)
 r - a wand of digging (17)
Scrolls
 k - 5 scrolls of remove curse
 l - a scroll of amnesia
 m - 3 scrolls of identify
 n - a scroll of immolation {unknown}
 o - 2 scrolls of teleportation {unknown}
 p - 2 scrolls of blinking {unknown}
Potions
 b - a potion of agility
 e - a potion of magic
 i - 3 potions of brilliance
Comestibles
 f - 8 rations


   Skills:
 - Level 2.0 Fighting
 * Level 7.7 Long Blades
 - Level 2.0 Throwing
 + Level 2.3 Armour
 - Level 4.0 Dodging
 + Level 5.8 Stealth


You had 7 spell levels left.
You didn't know any spells.

Dungeon Overview and Level Annotations

Branches:
Dungeon (6/15)             Temple (1/1) D:5

Altars:
Ashenzari
Cheibriados
Dithmenos
Elyvilon
Fedhas
Gozag
Hepliaklqana
Kikubaaqudgha
Makhleb
Nemelex Xobeh
Okawaru
Qazlal
Ru
Sif Muna
Trog
Uskayaw
Vehumet
Wu Jian
Xom
Yredelemnul
Zin
The Shining One


Innate Abilities, Weirdness & Mutations

You cannot wear boots.
Your serpentine skin is tough. (AC +2)
You have supernaturally acute eyesight. (SInv)
Armour fits poorly on your strangely shaped body.
Your system is resistant to poisons. (rPois)
You cover ground very slowly.
You have a slow metabolism.
You can spit poison.


Message History

* * * LOW HITPOINT WARNING * * *
You hit the bullfrog.
The bullfrog is moderately wounded.
The bullfrog hits you.
* * * LOW HITPOINT WARNING * * *
The bullfrog hits you but does no damage.
Unknown command.
Press: ? - help, Shift-Dir - straight line, f - bullfrog
Aim: a bullfrog (moderately wounded)
The splash of poison hits the bullfrog.
The bullfrog is poisoned.
The bullfrog is moderately wounded.
You feel slightly more hungry. The bullfrog hits you.
* * * LOW HITPOINT WARNING * * *
Okay, then.
As you read the scroll labeled HUPPOW OLO, it crumbles to dust.
It is a scroll of amnesia.
You feel forgetful for a moment.
The bullfrog hits you but does no damage.
The bullfrog hits you!
You die...

...#.#..h.#
..lWh.....# #h..#
#...# #.l.# #...#
.#. ###_..#
.....####Wh...#
#..@Fa#...##
#.####h....#
#.####.....#
.###....#.....#
........#.....#
#.....#.....#
####.#........># .
.........#.....#
#.######.....#.....#


You could see a phantom, a bullfrog, a worker ant and 2 jackals.

Vanquished Creatures
  Sigmund (D:2)
  The ghost of KristoblXynda the Slasher, an amateur DrGl of Gozag (D:3)
  A sky beast (D:5)
  A centaur (D:5)
  A quasit (D:5)
  A bullfrog skeleton (D:4)
  2 crimson imps (D:5)
  A hound (D:4)
  A gnoll shaman (D:4)
  An orc priest (D:4)
  An orc wizard (D:4)
  2 worker ants (D:6)
  A worker ant zombie (D:5)
  Robin (D:3)
  6 adders
  13 gnolls
  An ooze (D:1)
  5 worms
  A dart slug (D:3)
  5 leopard geckos
  12 orcs
  3 ball pythons
  5 giant cockroaches
  4 hobgoblins
  5 jackals
  7 kobolds
  4 quokkas
  8 bats
  8 frilled lizards
  17 goblins
  10 rats
130 creatures vanquished.

Vanquished Creatures (others)
  A human (D:2)
  A goblin (D:1)
2 creatures vanquished.

Grand Total: 132 creatures vanquished

Notes
Turn   | Place    | Note
-------+----------+-------------------------------------------
     0 | D:1      | KristoblXynda the Naga Gladiator began the quest for the Orb.
     0 | D:1      | Reached XP level 1. HP: 19/19 MP: 1/1
    42 | D:1      | Reached XP level 2. HP: 21/26 MP: 2/2
   489 | D:1      | Reached XP level 3. HP: 31/32 MP: 3/3
   975 | D:2      | HP: 1/32 [worm (8)]
  1453 | D:2      | Found an iron altar of Okawaru.
  1567 | D:2      | Noticed Sigmund
  1568 | D:2      | Became a worshipper of Warmaster Okawaru
  1599 | D:2      | HP: 1/32 [Sigmund/scythe (5)]
  1603 | D:2      | Killed Sigmund
  1603 | D:2      | Reached * piety under Okawaru
  1603 | D:2      | Reached skill level 5 in Long Blades
  1603 | D:2      | Reached XP level 4. HP: 1/39 MP: 4/4
  1603 | D:2      | Reached XP level 5. HP: 2/45 MP: 5/5
  2112 | D:2      | Found an ancient bone altar of Kikubaaqudgha.
  2117 | D:2      | Noticed a human
  2118 | D:2      | Killed a human
  2126 | D:2      | Reached XP level 6. HP: 44/52 MP: 6/6
  2255 | D:2      | Reached skill level 1 in Stealth
  2972 | D:3      | Noticed KristoblXynda's ghost (amateur DrGl)
  3002 | D:3      | Killed KristoblXynda's ghost
  3002 | D:3      | Reached skill level 6 in Long Blades
  3392 | D:3      | Reached XP level 7. HP: 59/60 MP: 7/7
  3637 | D:4      | Noticed Robin
  3644 | D:3      | Killed Robin
  3970 | D:4      | Reached ** piety under Okawaru
  4496 | D:4      | Reached skill level 1 in Armour
  5262 | D:4      | Found a sacrificial altar of Ru.
  5262 | D:4      | Found a deep blue altar of Sif Muna.
  5512 | D:5      | Entered Level 5 of the Dungeon
  5620 | D:5      | Reached skill level 7 in Long Blades
  5654 | D:5      | Reached XP level 8. HP: 47/67 MP: 8/8
  5786 | D:5      | Reached skill level 5 in Stealth
  6366 | D:5      | Found a staircase to the Ecumenical Temple.
  6375 | Temple   | Entered the Ecumenical Temple
  6768 | D:6      | Found a white marble altar of Elyvilon.
  6816 | D:6      | Slain by a bullfrog

Vault maps used:
D:1:      scummos_arrival_forest, lemuel_flame_loot_1
D:2:      lemuel_upstairs_altar, lemuel_crystal_altar, tgw_kikubaaqudgha,
          uniq_sigmund
D:3:      minmay_cupped
D:4:      gammafunk_temple_overflow_wave, uniq_robin
D:5:      temple_hall, first_ration
D:6:      kennysheep_six_static_rooms, overflow_temple_1_default, serial_shops,
          kennysheep_mini, roderic_batcave, hangedman_decor_riveting
Temple:   dpeg_five_rooms_temple

Skill      XL: |  1  2  3  4  5  6  7  8 |
---------------+-------------------------+-----
Throwing       | 2 |  2.0
Long Blades    | 5 6 7 |  7.7
Dodging        | 3 4 |  4.0
Stealth        | 2 4 5 |  5.8
Armour         | 1 2 |  2.3
Fighting       | |  2.0

Action                   |  1- 3 |  4- 6 |  7- 9 || total
-------------------------+-------+-------+-------++-------
Melee: Long sword        |    94 |   131 |   240 ||   465
 Abil: Spit Poison       |    12 |    12 |    22 ||    46
  Use: Potion            |     5 |     3 |     3 ||    11
       Scroll            |       |     5 |     3 ||     8
 Stab: Sleeping          |       |     1 |     1 ||     2
  Eat: Chunk             |     2 |     5 |     6 ||    13
       Ration            |       |       |     2 ||     2
Armor: Leather armour    |    40 |    14 |       ||    54
       Ring mail         |       |    21 |   156 ||   177
       Skin              |       |    19 |       ||    19
Dodge: Dodged            |    61 |    70 |   196 ||   327
       Rpst.: Long sword |    27 |    23 |    52 ||   102

Table legend:
 A = Spawn XP
 B = Non-spawn XP
 C = Spawn XP percentage of total XP
 D = Spawn monster count
 E = Non-spawn monster count
 F = Spawn count percentage of total count
 G = Total turns spent on level
                    A         B        C        D         E        F      G
               +---------+---------+-------+---------+---------+-------+---------
         Total |       0 |    1559 |   0.0 |       0 |     130 |   0.0 |  6816
               +---------+---------+-------+---------+---------+-------+---------
           D:1 |       0 |      36 |   0.0 |       0 |      23 |   0.0 |   900
           D:2 |       0 |     347 |   0.0 |       0 |      27 |   0.0 |  1723
           D:3 |       0 |     292 |   0.0 |       0 |      38 |   0.0 |  1312
           D:4 |       0 |     335 |   0.0 |       0 |      23 |   0.0 |  1577
           D:5 |       0 |     472 |   0.0 |       0 |      14 |   0.0 |   996
           D:6 |       0 |      77 |   0.0 |       0 |       5 |   0.0 |    70
               +---------+---------+-------+---------+---------+-------+---------
